 Dungeon Crawl Stone Soup version 0.22.1-2-g9c5b331 (webtiles) character file.

219 diana the Slasher (level 5, 0/45 HPs)
             Began as a Draconian Fighter on Nov 19, 2018.
             Slain by a gnoll
             ... wielding a +0 spear
              (3 damage)
             ... on level 3 of the Dungeon.
             The game lasted 00:03:26 (2194 turns).

diana the Slasher (Draconian Fighter)               Turns: 2194, Time: 00:03:26

Health: 0/45       AC:  5    Str: 22 (24) XL:     5   Next: 64%
Magic:  5/5        EV: 10    Int:  5 (8)  God:
Gold:   93         SH: 14    Dex:  8 (11) Spells: 4/4 levels left

rFire    . . .     SeeInvis .   a - +0 long sword
rCold    . . .     Gourm    .   b - +0 shield
rNeg     . . .     Faith    .   (armour unavailable)
rPois    .         Spirit   .   (helmet restricted)
rElec    .         Reflect  +   (no cloak)
rCorr    .         Harm     .   (no gloves)
MR       .....                  (no boots)
Stlth    +.........             f - +5 amulet of reflection
HPRegen  0.15/turn              (no ring)
MPRegen  0.09/turn              (no ring)

@: mighty
A: unfitting armour, cold-blooded, AC +5
a: no special abilities


You were on level 3 of the Dungeon.
You were not hungry.

You visited 1 branch of the dungeon, and saw 3 of its levels.

You collected 93 gold pieces.

Inventory:

Hand Weapons
 a - a +0 long sword (weapon)
Missiles
 u - 2 throwing nets (quivered)
Armour
 b - a +0 shield (worn)
Jewellery
 f - a +5 amulet of reflection (around neck)
Scrolls
 e - 3 scrolls of identify {unknown}
 g - a scroll of enchant armour {unknown}
 k - a scroll of random uselessness {unknown}
 l - a scroll of blinking {unknown}
 n - 3 scrolls of teleportation {unknown}
 q - a scroll of noise {unknown}
 t - a scroll of magic mapping {unknown}
Potions
 h - a potion of cancellation {unknown}
 i - a potion of invisibility {unknown}
 j - a potion of agility {unknown}
 m - a potion of haste {unknown}
 o - a potion of lignification {unknown}
 p - a potion of brilliance {unknown}
 v - a potion of resistance {unknown}
Comestibles
 d - 5 rations


   Skills:
 - Level 3.2 Fighting
 + Level 6.0 Long Blades
 - Level 2.6 Dodging
 - Level 3.0 Shields


You had 4 spell levels left.
You didn't know any spells.
Your spell library was empty.

Dungeon Overview and Level Annotations

Branches:
Dungeon (3/15)

Altars:
Cheibriados
Dithmenos
Qazlal


Innate Abilities, Weirdness & Mutations

Your plain brown scales are hard. (AC +5)
You cannot fit into any form of body armour.
You are cold-blooded and may be slowed by cold attacks.


Message History

The adder is heavily wounded.
You block the adder's attack.
The gnoll hits you from afar with a spear!
* * * LOW HITPOINT WARNING * * *
Unknown command.
Okay, then.
Okay, then.
You closely miss the adder.
The adder is heavily wounded.
You block the adder's attack.
The gnoll hits you from afar with a spear.
* * * LOW HITPOINT WARNING * * *
You block the adder's attack.
Unknown command.
It was a potion of degeneration.
There was something very wrong with that liquid.
You feel weakened.
You feel dopey.
You feel clumsy. The adder bites you but does no damage.
The gnoll hits you from afar with a spear.
You die...

..............##......#
..............##..†...#
..............##.....#
..............##.#...#
..............##g#...≈≈#
.##########...##g###.##≈≈
>..........#####g# ..# ≈
......####.# #S# .≈#
......####'#####@# ..≈
......#..........# ...
......#..........#
.....)#).........#
......'..........#
.....[#÷.........#
......#..........##.
#######..............
#..........(...


You could see 3 gnolls and an adder.

Vanquished Creatures
  A bullfrog (D:3)
  A jelly (D:2)
  An orc priest (D:3)
  A gnoll (D:1)
  4 adders
  2 worms (D:3)
  3 dart slugs
  3 leopard geckos
  3 orcs (D:3)
  A giant cockroach (D:3)
  4 goblins
  3 hobgoblins
  2 jackals (D:3)
  3 kobolds
  A quokka (D:2)
  5 bats
  2 frilled lizards (D:2)
  2 rats
42 creatures vanquished.

Notes
Turn   | Place    | Note
-------+----------+-------------------------------------------
     0 | D:1      | diana the Draconian Fighter began the quest for the Orb.
     0 | D:1      | Reached XP level 1. HP: 19/19 MP: 1/1
     1 | D:1      | Noticed an electric eel
   208 | D:1      | Reached skill level 3 in Long Blades
   208 | D:1      | Reached XP level 2. HP: 11/26 MP: 2/2
   768 | D:2      | Reached XP level 3. HP: 26/31 MP: 3/3
  1169 | D:2      | Reached skill level 4 in Long Blades
  1169 | D:2      | Reached XP level 4. HP: 23/38 MP: 4/4
  1243 | D:2      | Found a shadowy altar of Dithmenos.
  1364 | D:3      | Noticed a bullfrog
  1555 | D:3      | Found a stormy altar of Qazlal.
  1599 | D:3      | Found a snail-covered altar of Cheibriados.
  1743 | D:3      | Killed a bullfrog
  1743 | D:3      | Reached skill level 5 in Long Blades
  1743 | D:3      | Reached XP level 5. HP: 19/45 MP: 5/5
  2015 | D:3      | Reached skill level 6 in Long Blades
  2194 | D:3      | Slain by a gnoll

Skill      XL: |  1  2  3  4  5 |
---------------+----------------+-----
Long Blades    | 3 4 5 6 |  6.0
Fighting       | |  3.2
Dodging        | |  2.6
Shields        | |  3.0

Action                   |  1- 3 |  4- 6 || total
-------------------------+-------+-------++-------
Melee: Long sword        |    50 |    78 ||   128
       Tailslap          |     9 |     7 ||    16
Throw: Throwing net      |       |     2 ||     2
  Use: Potion            |       |     4 ||     4
  Eat: Chunk             |       |     4 ||     4
Armor: Skin              |    18 |    23 ||    41
Dodge: Dodged            |    25 |    32 ||    57
Block: Shield            |    20 |    64 ||    84
       Rpst.: Long sword |     5 |    10 ||    15
